 Dungeon Crawl Stone Soup version 0.30.1-11-g7821555f0a (webtiles) character file.

Game seed: 7541251943126052645

242 cdecastro the Grave Robber (level 5, -3/35 HPs)
             Began as a Demonspawn Necromancer on Dec 19, 2023.
             Slain by Dowan
             ... wielding a +2 dagger of venom
              (6 damage)
             ... on level 3 of the Dungeon on Dec 20, 2023.
             The game lasted 00:07:13 (3099 turns).

cdecastro the Grave Robber (Demonspawn Necromancer) Turns: 3099, Time: 00:07:14

Health: -3/35      AC:  6    Str: 10    XL:     5   Next: 82%
Magic:  2/8        EV: 10    Int: 17    God:
Gold:   102        SH:  5    Dex: 13    Spells: 7/8 levels left

rFire   + . .        v - +7 hand axe of the Scorned {pain, rPois rF+ rN+}
rCold   . . .        (no shield)
rNeg    + . .        a - +0 ring mail
rPois   +            (no helmet)
rElec   .            h - +0 cloak
rCorr   .            (no gloves)
SInv    .            (no boots)
Will    .....        q - amulet of reflection
Stlth   +            (no ring)
HPRegen 0.25/turn    (no ring)
MPRegen 0.11/turn

%: reflection
@: no status effects
A: ignite blood 1
a: no special abilities


You were on level 3 of the Dungeon.
You visited 1 branch of the dungeon, and saw 4 of its levels.

You collected 102 gold pieces.

Inventory:

Hand Weapons
 t - a +2 trident of protection
 v - the +7 hand axe of the Scorned (weapon) {pain, rPois rF+ rN+}
   (You found it on level 3 of the Dungeon)

   rF:        It protects you from fire.
   rPois:     It protects you from poison.
   rN:        It protects you from negative energy.
Missiles
 e - 67 stones
 w - 2 poisoned darts
Armour
 a - a +0 ring mail (worn)
 d - a +0 leather armour
 h - a +0 cloak (worn)
Jewellery
 p - a ring of ice
 q - an amulet of reflection (around neck)
Scrolls
 c - a scroll of blinking {unknown}
 f - a scroll of vulnerability {unknown}
 g - a scroll of noise {unknown}
 i - a scroll of poison {unknown}
 k - 6 scrolls of identify {unknown}
 l - a scroll of immolation {unknown}
 n - 2 scrolls of summoning {unknown}
 o - 3 scrolls of enchant weapon {unknown}
 r - a scroll of amnesia {unknown}
 s - a scroll of silence {unknown}
 u - a scroll of torment {unknown}
Potions
 b - a potion of magic
 j - a potion of berserk rage {unknown}
 m - a potion of lignification {unknown}


   Skills:
 - Level 1.7 Dodging
 - Level 1.7 Stealth
 - Level 2.0 Spellcasting
 + Level 7.9 Necromancy


You had 7 spell levels left.
You knew the following spells:

 Your Spells              Type           Power      Damage    Failure   Level
a - Necrotise             Necr           100%       1d9       1%          1

Your spell library contained the following spells:

 Spells                   Type           Power      Damage    Failure   Level
 Vampiric Draining        Necr           28%        2d8       6%          3
 Animate Dead             Necr           28%        N/A       21%         4
 Foxfire                  Conj/Fire      4%         2x1d4     45%         1
 Agony                    Necr           28%        N/A       50%         5
 Fireball                 Conj/Fire      0%         3d3       100%        5
 Plasma Beam              Fire/Air       0%         2x1d11    100%        6
 Starburst                Conj/Fire      0%         6d3       100%        6


Dungeon Overview and Level Annotations

Branches:
Dungeon (4/15)
 Temple: D:4-7

Altars:
Fedhas
Vehumet

Shops:
D:1 :

Annotations:
D:2 1 runed translucent door, Crazy Yiuf, Natasha
D:3 Dowan


Innate Abilities, Weirdness & Mutations

Your demonic aura sometimes causes spilled blood to erupt in flames.


Message History

Duvessa hits you with a +0 short sword. x2
* * * LOW HITPOINT WARNING * * *
Unknown command.
You hit Duvessa.
Duvessa is almost dead.
Duvessa hits you with a +0 short sword.
* * * LOW HITPOINT WARNING * * *
Duvessa hits you but does no damage.
Unknown command.
You hit Duvessa.
Duvessa is almost dead.
You block Duvessa's attack. Duvessa hits you with a +0 short sword!
* * * LOW HITPOINT WARNING * * *
Dowan drinks a potion.
Dowan seems to grow stronger.
Unknown command.
Okay, then.
Okay, then.
Unknown command.
You hit Duvessa.
Duvessa writhes in agony.
You kill Duvessa!
Dowan seems overcome with grief.
Dowan seems to find hidden reserves of power!
Dowan closely misses you.
Your Necromancy skill increases to level 7!
You have reached level 5!
Dowan barely misses you.
There is a stone staircase leading up here.
Dowan gestures at you while chanting. The stone arrow misses you.
You climb upwards.
There is a stone staircase leading down here.
Unknown command.
Unknown command.
You hit Dowan.
Dowan writhes in agony.
Dowan is moderately wounded.
Dowan says, "Magic will overcome all!"
Dowan hits you with a +2 dagger of venom.
* * * LOW HITPOINT WARNING * * *
Dowan hits you with a +2 dagger of venom.
You die...

#.##.##.#
###.#..#.#...........#
#..#.#..#
#......###########.#
##[#.#.## ###''### #.#
##.#.#..## ####..#####
#.#
...#+#...###.........#
#.##
.............#######.#
#...
#...#....###########.#
####
########.######e.....#
# #........@..### #
########.#.## # ##
#.#.# # .## #.#.# #
#.### #.#.# ## ....#
#.#.# #. ..#.#########
#.#.# #. .##.........#
#.#.# #. .##########.#
#.#.########### #.


You could see Dowan (fast, strong).

Vanquished Creatures
  Duvessa (D:4)
  2 iguanas
  3 adders
  2 worms (D:3)
  A dart slug (D:2)
  7 ball pythons
  6 endoplasms
  2 giant cockroaches (D:3)
  4 goblins
  4 hobgoblins
  2 jackals (D:1)
  5 kobolds (D:1)
  3 quokkas
  5 bats
  4 frilled lizards
  4 rats
55 creatures vanquished.

Notes
Turn   | Place    | Note
-------+----------+-------------------------------------------
     0 | D:1      | cdecastro the Demonspawn Necromancer began the quest for
                  | the Orb.
     0 | D:1      | Reached XP level 1. HP: 13/13 MP: 3/3
   444 | D:1      | Gained mutation: Your demonic aura sometimes causes spilled
                  | blood to erupt in flames. [demonic ancestry]
   444 | D:1      | Reached XP level 2. HP: 19/19 MP: 1/5
   515 | D:1      | Found Voggyr Hies's Book Shoppe.
   547 | D:1      | Reached skill level 5 in Necromancy
  1232 | D:1      | Reached XP level 3. HP: 24/24 MP: 6/6
  1625 | D:2      | Reached skill level 6 in Necromancy
  1777 | D:2      | Found a runed translucent door.
  1778 | D:2      | Noticed Crazy Yiuf
  1795 | D:2      | Noticed Natasha
  2030 | D:3      | Found a blossoming altar of Fedhas.
  2116 | D:3      | Reached XP level 4. HP: 9/30 MP: 2/7
  2244 | D:3      | Identified the +7 hand axe of the Scorned {pain, rPois rF+
                  | rN+}
  2259 | D:3      | Found a radiant altar of Vehumet.
  3059 | D:4      | Noticed Duvessa
  3087 | D:4      | Noticed Dowan
  3094 | D:4      | Killed Duvessa
  3095 | D:4      | Reached skill level 7 in Necromancy
  3095 | D:4      | Reached XP level 5. HP: 3/35 MP: 1/8
  3099 | D:3      | Slain by Dowan

Illustrated notes

Levels and vault maps discovered:
D:1:      lemuel_arrival_rhombus, layout_basic, serial_shops, shop, st_stairs_1
D:2:      minmay_skewed_foursquare, layout_rooms,
          shapermc_ecumenical_altar_rom_forum, uniq_crazy_yiuf_cottage,
          uniq_natasha
D:3:      layout_loops_ring, fedhas_altar_2,
          mainiacjoe_overflow_surrounded_room, kennysheep_generic_room_15
D:4:      layout_loops_cross, makhleb_blood_cavern_becter,
          mainiacjoe_overflow_alcove_2, uniq_duvessa

Skill      XL: |  1  2  3  4 |
---------------+-------------+-----
Necromancy     | 5 6 7 |  7.9
Dodging        | |  1.7
Stealth        | |  1.7
Spellcasting   | |  2.0

Action                     |  1- 3 |  4- 6 || total
---------------------------+-------+-------++-------
  Melee: Spear             |    30 |       ||    30
         Trident           |     5 |    11 ||    16
         Hand axe          |       |    10 ||    10
   Cast: Necrotise         |    69 |    24 ||    93
 Armour: Leather armour    |    17 |     3 ||    20
         Ring mail         |       |     2 ||     2
  Dodge: Dodged            |    32 |     7 ||    39
  Block: Other             |       |     2 ||     2
